 Dungeon Crawl Stone Soup version 0.29-a0-8-g0446c0dae4 (webtiles) character file.

Game seed: 5149391576356775738

122 robertstho the Magician (level 4, 0/22 HPs)
             Began as a Spriggan Conjurer on Jan 27, 2022.
             Succumbed to a kobold brigand's curare-tipped dart
             ... in a sewer.
             The game lasted 00:04:46 (3358 turns).

robertstho the Magician (Spriggan Conjurer)         Turns: 3358, Time: 00:04:47

Health: 0/22       AC:  2    Str:  3    XL:     4   Next: 78%
Magic:  4/11       EV: 17    Int: 21    God:
Gold:   48         SH:  0    Dex: 13    Spells: 5/11 levels left

rFire   . . .      SeeInvis +   i - +2 whip (elec)
rCold   . . .      Faith    .   (no shield)
rNeg    . . .      Spirit   .   a - +0 robe
rPois   .          Reflect  .   (helmet restricted)
rElec   .          Harm     .   (no cloak)
rCorr   .          Rampage  .   (gloves unavailable)
Will    .....                   (boots unavailable)
Stlth   +.........              (no amulet)
HPRegen 0.07/turn               (no ring)
MPRegen 0.12/turn               (no ring)

@: lethally poisoned (0 -> -20), very slightly contaminated, hasted and slowed,
slow
A: very small, no large weapons, unfitting armour, see invisible, speed 3
a: no special abilities


You were in a sewer.
You visited 1 branch of the dungeon, and saw 3 of its levels.
You also visited: Sewer.

You collected 48 gold pieces.

Inventory:

Hand Weapons
 i - a +2 whip of electrocution (weapon)
 k - a +0 dagger
 m - a +0 dagger of draining
Armour
 a - a +0 robe (worn)
Jewellery
 e - a ring of willpower
Wands
 n - a wand of paralysis (6)
Scrolls
 f - a scroll of silence
 j - 2 scrolls of teleportation
Potions
 b - 2 potions of might
 c - a potion of haste
 d - a potion of heal wounds {unknown}
 g - a potion of flight {unknown}
 h - a potion of berserk rage {unknown}
 l - a potion of curing {unknown}


   Skills:
 * Level 1.1 Fighting
 + Level 3.0 Dodging
 * Level 3.7 Stealth
 * Level 4.0 Spellcasting
 + Level 3.7 Conjurations


You had 5 spell levels left.
You knew the following spells:

 Your Spells              Type           Power      Damage    Failure   Level
a - Magic Dart            Conj           80%        1d7       2%          1
b - Searing Ray           Conj           40%        2d5       3%          2
c - Dazzling Flash        Conj/Hex       24%        N/A       17%         3

Your spell library contained the following spells:

 Spells                   Type           Power      Damage    Failure   Level
 Fulminant Prism          Conj/Hex       6%         3d7       50%         4
 Iskenderun's Mystic Bla  Conj/Tloc      12%        2d5       50%         4


Dungeon Overview and Level Annotations

Branches:
Dungeon (3/15)              Sewer (1/1)

Altars:
Makhleb

Annotations:
D:3 Terence


Innate Abilities, Weirdness & Mutations

You are very small and have problems with some larger weapons.
You are too small for most types of armour.
You have supernaturally acute eyesight. (SInv)
You cover ground extremely quickly. (Speed+++)


Message History

Aim: a jackal (100% to hit)
The magic dart hits the jackal.
The jackal is moderately wounded.
Unknown command.
Aiming: Magic Dart (safe; 2% risk of failure)
Press: ? - help, Q - select action, (/) - cycle Shift-Dir - straight line, f/p - jackal
Aim: a jackal (moderately wounded, 100% to hit)
You miscast Magic Dart.
You are very lightly contaminated with residual magic.
Nothing appears to happen.
The jackal stops to sniff the water.
A kobold brigand comes into view.
It is wielding a +0 short sword and quivering curare-tipped darts.
Casting: Magic Dart (safe; 2% risk of failure)
Confirm with . or Enter, or press ? or * to list all spells.
Aiming: Searing Ray (safe; 3% risk of failure)
Press: ? - help, Shift-Dir - straight line, f/p - jackal
Aim: a jackal (moderately wounded, 72% to hit)
The searing ray hits the jackal.
You kill the jackal! (Press . to maintain the ray.)
The kobold brigand throws a poisoned dart.
The poisoned dart hits you!
You are poisoned.
The searing ray misses the kobold brigand.
You feel very sick.
The kobold brigand throws a poisoned dart.
The poisoned dart misses you.
A kobold comes into view. It is wielding a +0 short sword.
The searing ray hits the kobold brigand.
The kobold brigand is lightly wounded.
You feel sick.
The kobold brigand throws a curare-tipped dart.
The curare-tipped dart hits you.
You are lethally poisoned!
You have difficulty breathing.
Ouch! That really hurt!
* * * LOW HITPOINT WARNING * * *
You feel yourself slow down.
It was a potion of haste.
You feel yourself speed up.
You die...

#≈# #≈# #≈# #≈# #≈# #≈#
#########≈##
#.≈.≈..≈.≈≈#######
#≈KK≈≈@≈.≈≈≈.....######
#K≈≈≈≈≈≈≈≈≈≈≈≈≈≈≈≈≈≈≈≈≈
.K.≈≈≈≈≈≈≈≈≈≈≈≈≈≈≈≈≈≈≈≈≈
.#≈≈≈≈≈≈≈≈≈≈≈≈≈≈≈≈≈≈≈≈≈#
#..≈≈≈≈.≈≈.≈.....######
#...≈...≈≈.###.###
############ #∩# ###


You could see 2 kobold brigands and 2 kobolds.

Vanquished Creatures
  Ijyb (D:3)
  An orc wizard (D:3)
  An adder (D:2)
  A river rat (Sewer)
  2 worms
  A dart slug (D:2)
  2 orcs (D:3)
  4 bats
  5 endoplasms
  A giant cockroach (D:2)
  4 hobgoblins
  A jackal (Sewer)
  3 quokkas
  A ball python (D:1)
  2 frilled lizards
  4 goblins (D:2)
  2 kobolds
  7 rats
43 creatures vanquished.

Notes
Turn   | Place    | Note
-------+----------+-------------------------------------------
     0 | D:1      | robertstho the Spriggan Conjurer began the quest for the
                  | Orb.
     0 | D:1      | Reached XP level 1. HP: 9/9 MP: 5/5
   855 | D:2      | Reached XP level 2. HP: 6/13 MP: 3/6
  1658 | D:2      | Reached XP level 3. HP: 12/17 MP: 2/8
  1833 | D:2      | Reached skill level 3 in Spellcasting
  2021 | D:2      | Learned a level 2 spell: Searing Ray
  2025 | D:2      | Learned a level 3 spell: Dazzling Flash
  2474 | D:3      | Noticed Terence
  2634 | D:3      | Reached XP level 4. HP: 6/21 MP: 1/10
  2847 | D:3      | Reached skill level 1 in Fighting
  3009 | D:3      | Found a burning altar of Makhleb.
  3132 | D:3      | Noticed Ijyb
  3140 | D:3      | Killed Ijyb
  3185 | D:3      | Found a glowing drain.
  3198 | Sewer    | Entered a sewer
  3205 | Sewer    | Reached skill level 4 in Spellcasting
  3351 | Sewer    | Noticed a kobold brigand
  3354 | Sewer    | Noticed a kobold brigand
  3358 | Sewer    | Succumbed to a kobold brigand's curare-tipped dart

Illustrated notes

Levels and vault maps discovered:
D:1:      dpeg_arrival_renting, layout_loops_ring
D:2:      minmay_angry_zag, layout_basic
D:3:      layout_loops_ring, mainiacjoe_overflow_surrounded_room,
          cheibrodos_sewer_entry_bend, hellmonk_ecumenical_altar_dog_temple,
          minmay_fractal_squares_diagonal_5, uniq_terence, uniq_ijyb
Sewer:    sewer_kobolds

Skill      XL: |  1  2  3  4 |
---------------+-------------+-----
Conjurations   | 3 |  3.7
Spellcasting   | 3 4 |  4.0
Fighting       | 1 |  1.1
Dodging        | 3 |  3.0
Stealth        | |  3.7

Action                   |  1- 3 |  4- 6 || total
-------------------------+-------+-------++-------
Melee: Dagger            |     3 |       ||     3
       Whip              |       |    12 ||    12
 Cast: Magic Dart        |    62 |    11 ||    73
       Searing Ray       |     6 |     8 ||    14
  Use: Scroll            |       |     3 ||     3
       Potion            |       |     1 ||     1
 Stab: Distracted        |       |     1 ||     1
Dodge: Dodged            |     7 |     9 ||    16

Table legend: (Time is in decaauts)
 A = Elapsed time spent in this place.
 B = Non-inter-level travel time spent in this place.
 C = Inter-level travel time spent in this place.
 D = Time resting spent in this place.
 E = Time spent auto-exploring this place.
 F = Levels seen in this place.
 G = Mean time per level.
                   A        B        C        D        E       F      G
               +--------+--------+--------+--------+--------+-----+--------+
         Total |   2627 |   2570 |     57 |    190 |   2042 |   4 |  656.8 |
       Dungeon |   2474 |   2417 |     57 |    107 |   1997 |   3 |  824.7 |
         Sewer |    153 |    153 |      0 |     83 |     45 |   1 |  153.0 |
               +--------+--------+--------+--------+--------+-----+--------+

Top non-repeatable levels by time:
     D:2: 1439 daAuts
     D:1: 519 daAuts
     D:3: 514 daAuts
   Sewer: 153 daAuts
